 Dungeon Crawl Stone Soup version 0.25.1-2-g60ff931df9 (webtiles) character file.

Game seed: 7669704419608818214

11358 lorenzova the Thaumaturge (level 11, -6/54 HPs)
             Began as a Deep Elf Conjurer on Oct 6, 2020.
             Was a High Priest of Vehumet.
             Hit by a large rock thrown by a cyclops (38 damage)
             ... on level 12 of the Dungeon.
             The game lasted 00:23:56 (15613 turns).

lorenzova the Thaumaturge (Deep Elf Conjurer)      Turns: 15613, Time: 00:23:57

Health: -6/54      AC:  6    Str:  9    XL:     11   Next: 48%
Magic:  15/40      EV: 13    Int: 28    God:    Vehumet [*****.]
Gold:   687        SH:  5    Dex: 21    Spells: 22/38 levels left

rFire    + + .     SeeInvis .   C - +6 dagger "Zekkar" {drain, rF+ MP+9 Dex+2}
rCold    . . .     Gourm    .   (no shield)
rNeg     . . .     Faith    .   i - +4 robe of Augmentation {Str+4 Int+4 Dex+4}
rPois    .         Spirit   .   (no helmet)
rElec    .         Reflect  +   (no cloak)
rCorr    .         Harm     .   (no gloves)
MR       +....                  (no boots)
Stlth    ++........             E - amulet of reflection
HPRegen  0.18/turn              b - ring of flight
MPRegen  0.27/turn              u - ring of protection from fire

@: hasted, very quick
A: no striking features
a: Renounce Religion, Evoke Flight


You were on level 12 of the Dungeon.
You worshipped Vehumet.
Vehumet was extremely pleased with you.
You were not hungry.

You visited 2 branches of the dungeon, and saw 13 of its levels.
You also visited: Sewer.

You collected 687 gold pieces.

Inventory:

Hand Weapons
 l - a +2 mace of protection
 C - the +6 dagger "Zekkar" (weapon) {drain, rF+ MP+9 Dex+2}
   (You found it on level 8 of the Dungeon)

   A truly terrible weapon, it drains the life of those it strikes.
   It affects your dexterity (+2).
   It protects you from fire.
   It affects your magic capacity (+9).
Armour
 f - a +0 robe of magic resistance
 i - the +4 robe of Augmentation (worn) {Str+4 Int+4 Dex+4}
   (You found it on level 4 of the Dungeon)

   It affects your strength (+4).
   It affects your intelligence (+4).
   It affects your dexterity (+4).
Jewellery
 b - a ring of flight (left hand)
 u - a ring of protection from fire (right hand)
 A - an uncursed ring of ice
 E - an amulet of reflection (around neck)
 I - a +4 ring of evasion
 L - a cursed ring of teleportation {unknown}
Wands
 w - a wand of flame (23)
 x - a wand of random effects (29)
 y - a wand of disintegration (16)
 B - a wand of acid (21)
 G - a wand of polymorph (7)
Scrolls
 d - 2 scrolls of amnesia
 e - 10 scrolls of teleportation
 g - 8 scrolls of remove curse
 m - 6 scrolls of magic mapping
 r - 3 scrolls of enchant armour
 t - a scroll of fog
 v - a scroll of enchant weapon {unknown}
 D - 2 scrolls of random uselessness {unknown}
 F - a scroll of vulnerability {unknown}
 H - a scroll of blinking {unknown}
 J - a scroll of identify
Potions
 a - 3 potions of heal wounds
 h - 9 potions of curing
 j - 2 potions of haste
 k - 2 potions of brilliance
 n - 3 potions of stabbing
 o - a potion of resistance {unknown}
 p - a potion of mutation {unknown}
 q - a potion of magic {unknown}
 s - 4 potions of might
 z - 3 potions of flight {unknown}
Comestibles
 c - 15 rations
 K - 8 chunks of flesh


   Skills:
 - Level 2.4 Dodging
 - Level 2.4 Stealth
 * Level 14.2 Spellcasting
 * Level 12.6 Conjurations
 - Level 9.0 Hexes
 - Level 6.0 Translocations
 + Level 3.1 Fire Magic


You had 22 spell levels left.
You knew the following spells:

 Your Spells              Type           Power        Failure   Level  Hunger
a - Magic Dart            Conj           ####         0%          1    None
b - Searing Ray           Conj           ######       0%          2    None
c - Iskenderun's Mystic   Conj/Tloc      ######..     1%          4    None
d - Fulminant Prism       Conj/Hex       ######....   1%          4    None
f - Fireball              Conj/Fire      ######....   1%          5    #......

Your spell library contained the following spells:

 Spells                   Type           Power        Failure   Level  Hunger
 Starburst                Conj/Fire      ######....   4%          6    ####...
 Apportation              Tloc           ######       1%          1    None
 Corona                   Hex            ######.      1%          1    None
 Ensorcelled Hibernation  Hex/Ice        #####.       1%          2    None
 Confusing Touch          Hex            ######..     1%          3    None
 Dazzling Flash           Conj/Hex       ######       1%          3    None
 Gell's Gravitas          Tloc           ######....   1%          3    None
 Lesser Beckoning         Tloc           ######....   1%          3    None
 Tukima's Dance           Hex            ######..     1%          3    None
 Summon Butterflies       Summ           ###.....     2%          1    None
 Yara's Violent Unravell  Hex/Tmut       #####.....   3%          5    #......
 Invisibility             Hex            ######..     10%         6    ####...
 Metabolic Englaciation   Hex/Ice        #####.....   12%         5    #......
 Petrify                  Tmut/Erth      ###.....     26%         4    None
 Alistair's Intoxication  Tmut/Pois      ###.....     58%         5    #......


Dungeon Overview and Level Annotations

Branches:
Dungeon (12/15)            Temple (1/1) D:5            Lair (0/6) D:11
    Orc (0/2) D:12          Sewer (visited)

Altars:
Ashenzari
Cheibriados
Dithmenos
Elyvilon
Fedhas
Gozag
Hepliaklqana
Kikubaaqudgha
Makhleb
Nemelex Xobeh
Okawaru
Qazlal
Ru
Sif Muna
Trog
Uskayaw
Vehumet
Wu Jian
Xom
Yredelemnul
Zin
The Shining One

Shops:
D:6 !   D:12 :

Portals:
Trove: D:10 (give 5 potions of resistance)

Annotations:
D:12 4 runed translucent doors


Message History

Press: ? - help, Dir - move target cursor You conjure a prism of explosive energy!
A fulminant prism comes into view.
Your fulminant prism crackles loudly.
Your fulminant prism explodes!
The blast of energy engulfs the cyclops!
The cyclops is moderately wounded.
The cyclops throws a large rock.
The large rock closely misses you.
You hear two shouts!
You hear a shout!
Casting: Fulminant Prism (safe; 1% risk of failure)
Confirm with . or Enter, or press ? or * to list all spells.
Aiming: Fulminant Prism (safe; 1% risk of failure)
Press: ? - help, Dir - move target cursor You conjure a prism of explosive energy!
A fulminant prism comes into view.
The cyclops throws a large rock.
The large rock hits you!!
Your fulminant prism crackles loudly.
The cyclops throws a large rock.
The large rock hits you!!!
Ouch! That really hurt!
You die...

.###...#.....# #.....)...........
.............# #................#
.............# #................#
......###....###......C.######...
......# #.......)...*..## ##..
......# #..............# ##)#..
......# #..(...........# #.##..
......# #..............# ##.C.#
......# #...###(@.####.# #####
......# #...# #...# #.# #8
##....# #...# #)..# #.. #$ #....#
#...###...# #..# #=
#....###.........# .## #8
##..........>.....# ###
.............[....####. +.#
............###........ #..
.....####...# #........# #..


You could see a cyclops and a friendly fulminant prism.

Vanquished Creatures
  A hydra (D:11)
  A two-headed ogre (D:9)
  3 ugly things
  A centaur skeleton (D:12)
  3 trolls
  Grinder (D:6)
  A hippogriff (D:11)
  A spriggan (D:7)
  2 water elementals
  2 shadows (D:12)
  A wraith (D:12)
  2 wyverns
  10 yaks
  5 orc warriors
  A black bear (D:10)
  2 phantoms
  2 necrophages
  4 ogres
  3 centaurs
  2 crocodiles
  4 big kobolds
  8 bullfrogs
  A wyvern zombie (D:11)
  A wyvern skeleton (D:9)
  6 killer bees (D:8)
  A scorpion (D:4)
  7 electric eels
  4 howler monkeys
  3 centaur zombies
  2 crimson imps
  2 bullfrog zombies
  4 hounds
  4 jellies
  12 orc wizards
  5 orc priests
  2 iguanas
  A bullfrog skeleton (D:7)
  7 worker ants
  A hound zombie (D:10)
  2 hound skeletons (D:7)
  A howler monkey zombie (D:8)
  2 worker ant zombies
  9 adders
  8 gnolls
  5 river rats (Sewer)
  5 shadow imps
  3 oozes
  An adder zombie (D:5)
  2 worms (D:3)
  3 dart slugs
  16 leopard geckos
  43 orcs
  5 ball pythons
  6 bats
  9 giant cockroaches
  8 goblins
  7 hobgoblins
  4 jackals
  8 quokkas
  6 frilled lizards
  33 kobolds
  A leopard gecko skeleton (D:7)
  30 rats
340 creatures vanquished.

Vanquished Creatures (others)
  43 fulminant prisms
43 creatures vanquished.

Grand Total: 383 creatures vanquished

Notes
Turn   | Place    | Note
-------+----------+-------------------------------------------
     0 | D:1      | lorenzova the Deep Elf Conjurer began the quest for the
                  | Orb.
     0 | D:1      | Reached XP level 1. HP: 10/10 MP: 6/6
   556 | D:1      | Reached XP level 2. HP: 15/15 MP: 5/8
   560 | D:1      | Learned a level 2 spell: Searing Ray
  1172 | D:2      | Noticed a crimson imp
  1180 | D:2      | Killed a crimson imp
  1180 | D:2      | Reached skill level 4 in Spellcasting
  1180 | D:2      | Reached skill level 5 in Conjurations
  1180 | D:2      | Reached XP level 3. HP: 19/19 MP: 0/10
  1594 | D:2      | Reached XP level 4. HP: 24/24 MP: 8/12
  2238 | D:3      | Found a bloodstained altar of Trog.
  2315 | D:3      | Reached skill level 5 in Spellcasting
  3111 | D:3      | Reached XP level 5. HP: 28/28 MP: 10/14
  3849 | D:4      | Found the +4 robe of Augmentation {Str+4 Int+4 Dex+4}
  3858 | D:4      | Reached skill level 6 in Spellcasting
  4034 | D:4      | Noticed an ogre
  4041 | D:4      | Killed an ogre
  4041 | D:4      | Reached XP level 6. HP: 32/32 MP: 12/17
  4084 | D:4      | Learned a level 4 spell: Iskenderun's Mystic Blast
  4089 | D:4      | Learned a level 4 spell: Fulminant Prism
  4456 | D:4      | Reached skill level 1 in Hexes
  4629 | D:4      | Reached skill level 7 in Spellcasting
  4634 | D:4      | Reached skill level 1 in Translocations
  5041 | D:5      | Entered Level 5 of the Dungeon
  5042 | D:5      | Reached XP level 7. HP: 36/36 MP: 17/19
  5621 | D:5      | Found a staircase to the Ecumenical Temple.
  5643 | Temple   | Entered the Ecumenical Temple
  5698 | Temple   | Became a worshipper of Vehumet
  5839 | D:6      | Found a shimmering blue altar of Sif Muna.
  5861 | D:6      | Found a glowing drain.
  6026 | Sewer    | Entered a sewer
  6415 | Sewer    | Reached * piety under Vehumet
  6415 | Sewer    | Offered knowledge of Shock by Vehumet.
  7235 | D:6      | Reached skill level 8 in Spellcasting
  7265 | D:6      | Noticed Grinder
  7271 | D:6      | Killed Grinder
  7271 | D:6      | Reached XP level 8. HP: 41/41 MP: 16/22
  7326 | D:6      | Found Acwas's Distillery.
  7563 | D:6      | Offered knowledge of Sandblast by Vehumet.
  7563 | D:6      | Reached skill level 9 in Spellcasting
  7922 | D:7      | Reached ** piety under Vehumet
  9105 | D:8      | Reached XP level 9. HP: 35/45 MP: 17/24
  9106 | D:8      | Reached skill level 10 in Spellcasting
  9107 | D:8      | Reached skill level 5 in Hexes
  9377 | D:8      | Found a shimmering altar of Xom.
  9377 | D:8      | Found a blossoming altar of Fedhas.
  9377 | D:8      | Found a hazy altar of Hepliaklqana.
  9377 | D:8      | Found a basalt altar of Yredelemnul.
  9390 | D:8      | Got an ancient dagger
  9391 | D:8      | Identified the +6 dagger "Zekkar" {drain, rF+ MP+9 Dex+2}
                  | (You found it on level 8 of the Dungeon)
  9684 | D:8      | Offered knowledge of Frozen Ramparts by Vehumet.
  9874 | D:8      | Found an ancient bone altar of Kikubaaqudgha.
 10083 | D:9      | Found a sacrificial altar of Ru.
 10211 | D:9      | Found a snail-covered altar of Cheibriados.
 10348 | D:9      | Noticed a two-headed ogre
 10355 | D:9      | Killed a two-headed ogre
 10355 | D:9      | Reached skill level 11 in Spellcasting
 10355 | D:9      | Reached skill level 10 in Conjurations
 10355 | D:9      | Reached skill level 5 in Translocations
 10357 | D:9      | Reached *** piety under Vehumet
 10793 | D:9      | Noticed a troll
 11014 | D:10     | Entered Level 10 of the Dungeon
 11323 | D:10     | Reached XP level 10. HP: 50/50 MP: 27/27
 11498 | D:10     | Offered knowledge of Mephitic Cloud by Vehumet.
 11500 | D:10     | Reached skill level 12 in Spellcasting
 11620 | D:10     | Found a portal to a secret trove of treasure.
 11828 | D:10     | You fall into a shaft and drop 1 floor!
 12313 | D:11     | Noticed a six-headed hydra
 12326 | D:11     | Killed a six-headed hydra
 12394 | D:11     | Reached skill level 13 in Spellcasting
 13221 | D:11     | Reached **** piety under Vehumet
 13272 | D:11     | Offered knowledge of Fireball by Vehumet.
 13279 | D:11     | Learned a level 5 spell: Fireball
 13596 | D:11     | Noticed a red ugly thing
 13610 | D:11     | Killed a red ugly thing
 13661 | D:11     | Found a staircase to the Lair.
 13763 | D:11     | Reached XP level 11. HP: 54/54 MP: 30/30
 13984 | D:12     | Found Boudemp's Book Boutique.
 13996 | D:12     | Reached skill level 1 in Fire Magic
 14115 | D:12     | Noticed a red ugly thing
 14126 | D:12     | Noticed a brown ugly thing
 14130 | D:12     | Killed a brown ugly thing
 14132 | D:12     | Killed a brown ugly thing
 14923 | D:12     | Reached ***** piety under Vehumet
 14938 | D:12     | Offered knowledge of Starburst by Vehumet.
 14942 | D:12     | Reached skill level 14 in Spellcasting
 15327 | D:12     | Found a large runed translucent door.
 15327 | D:12     | Found a large runed translucent door.
 15330 | D:12     | Noticed a fire dragon
 15350 | D:12     | Found a large runed translucent door.
 15350 | D:12     | Found a large runed translucent door.
 15451 | D:12     | Found a staircase to the Orcish Mines.
 15613 | D:12     | Hit by a large rock thrown by a cyclops

Illustrated notes

Levels and vault maps discovered:
D:1:      lemuel_arrival_muddy, layout_basic, serial_forest,
          infiniplex_forest_clump_long, infiniplex_forest_corner_1,
          infiniplex_forest_pool, infiniplex_forest_straight_2,
          infiniplex_forest_clump_C, infiniplex_forest_corner_1,
          infiniplex_forest_clump_curved, infiniplex_forest_zigzag_1
D:2:      layout_loops_corners
D:3:      minmay_bubble_buster, layout_basic, bloody_trog, first_ration,
          minivault_24
D:4:      layout_gridville
D:5:      layout_basic, minmay_temple_entry_butterflies,
          chequers_serial_rivers_large_b
D:6:      layout_rooms, overflow_temple_1_default, serial_shops,
          nicolae_shop_trees, gup_sewer_entry_pipe, uniq_grinder
D:7:      layout_basic, the_bakery
D:8:      layout_loops_ring, kiku_gazebo_garden_becter,
          chequers_temple_overflow_statue_of_worship
D:9:      layout_irregular_city, kennysheep_little_box, cheibriados_altar_1
D:10:     layout_cave_pods, enter_trove_2
D:11:     layout_basic
D:12:     layout_small_grid, erik_orc_2, serial_shops, nicolae_shop_stone,
          minmay_hollow_rounded_squares
Temple:   nicolae_temple_god_jail

Skill      XL: |  1  2  3  4  5  6  7  8  9 10 11 |
---------------+----------------------------------+-----
Spellcasting   | 4 5 6 7 8 9 11 13 14 | 14.2
Conjurations   | 5 6 7 8 9 10 11 12 | 12.6
Hexes          | 1 3 4 6 8 9 |  9.0
Translocations | 1 2 4 5 6 |  6.0
Fire Magic     | 3 |  3.1
Dodging        | |  2.4
Stealth        | |  2.4

Action                   |  1- 3 |  4- 6 |  7- 9 | 10-12 || total
-------------------------+-------+-------+-------+-------++-------
Melee: Mace              |       |       |     1 |       ||     1
 Cast: Magic Dart        |    47 |   105 |   192 |   104 ||   448
       Searing Ray       |     1 |    16 |    49 |    38 ||   104
       Fulminant Prism   |       |       |     6 |    38 ||    44
       Iskenderun's Myst |       |       |     1 |    20 ||    21
       Fireball          |       |       |       |    12 ||    12
  Use: Scroll            |     4 |     7 |     3 |     1 ||    15
       Potion            |       |       |       |     2 ||     2
  Eat: Chunk             |     2 |    10 |    18 |    11 ||    41
       Ration            |       |       |       |     1 ||     1
Armor: Robe              |     1 |     5 |    11 |     9 ||    26
Dodge: Dodged            |     2 |    24 |    34 |    23 ||    83
Block: Other             |       |       |       |     5 ||     5
       Reflection        |       |       |       |     1 ||     1
